 Dungeon Crawl Stone Soup version 0.30-b1-2-g02819fbbbe (webtiles) character file.

Game seed: 9479866564098995982

13 Alarkh the Vexing (level 2, 21/21 HPs)
             Began as a Demonspawn Hexslinger on July 8, 2023.
             Got out of the dungeon alive.
             The game lasted 00:00:20 (355 turns).

Alarkh the Vexing (Demonspawn Hexslinger)            Turns: 355, Time: 00:00:20

Health: 21/21      AC:  2    Str: 10    XL:     2   Next: 24%
Magic:  3/3        EV: 12    Int: 14    God:
Gold:   25         SH:  0    Dex: 13    Spells: 2/3 levels left

rFire   . . .        a - +1 sling
rCold   . . .        (no shield)
rNeg    . . .        c - +0 robe
rPois   .            (no helmet)
rElec   .            (no cloak)
rCorr   .            (no gloves)
SInv    .            (no boots)
Will    .....        (no amulet)
Stlth   +            (no ring)
HPRegen 0.23/turn    (no ring)
MPRegen 0.08/turn

%: no passive effects
@: no status effects
A: foul stench 1
a: no special abilities


You escaped.
You visited 1 branch of the dungeon, and saw 1 of its levels.

You collected 25 gold pieces.

Inventory:

Hand Weapons
 a - a +1 sling (weapon)
Armour
 c - a +0 robe (worn)
Scrolls
 b - a scroll of poison
 d - 3 scrolls of teleportation {unknown}
 e - a scroll of blinking {unknown}
Potions
 f - a potion of brilliance {unknown}


   Skills:
 + Level 1.4 Fighting
 * Level 2.4 Ranged Weapons
 - Level 1.7 Dodging
 - Level 1.0 Spellcasting
 - Level 3.0 Hexes


You had 2 spell levels left.
You knew the following spells:

 Your Spells              Type           Power      Damage    Failure   Level
a - Slow                  Hex            36%        N/A       8%          1

Your spell library contained the following spells:

 Spells                   Type           Power      Damage    Failure   Level
 Inner Flame              Hex/Fire       4%         N/A       38%         3
 Portal Projectile        Hex/Tloc       8%         N/A       38%         3
 Cause Fear               Hex            4%         N/A       58%         4


Dungeon Overview and Level Annotations

Branches:
Dungeon (1/15)

Altars:


Innate Abilities, Weirdness & Mutations

You may rarely emit foul miasma when damaged in melee.


Message History

You shoot a sling bullet.
The sling bullet hits the kobold but does no damage.
The kobold hits you with a +0 short sword.
You shoot a sling bullet.
The sling bullet hits the kobold but does no damage.
The kobold closely misses you.
You shoot a sling bullet. The sling bullet hits the kobold!
You kill the kobold!
No target in view!
Things that are here:
a +0 short sword; 4 stones; a kobold corpse A rat comes into view.
A rat is nearby!
A rat is nearby!
You shoot a sling bullet. The sling bullet hits the rat.
You kill the rat!
No target in view!
Unknown command.
Things that are here:
a +0 club; 2 stones
There is an open door here.
You see here a +0 short sword.
A giant cockroach comes into view.
You can't go up here!
A giant cockroach is nearby!
Unknown command.
Unknown command.
You shoot a sling bullet.
The sling bullet hits the giant cockroach!
You kill the giant cockroach!
No target in view!
Unknown command.
No target in view!
Unknown command.
No target in view!
No target in view!
Unknown command.
There is a staircase leading out of the dungeon here.
Are you sure you want to leave the Dungeon?
This will make you lose the game!
You have escaped!

##.......## ##.###.#......#.#
##.........## #..##......#.#.##
##...........####.##............
##......#......###..#..........#.
#......###......###.#....)....>#.
....(.# ##......##.##.......#.#.
.....# ##......#.#..†.....#.#.
....## ##.......##.###.#.###.
>..## ##..@......#.....# #.
....## ##.......#..#.#.### #.
.....## ##......#.#.##.#.### ##
......## ##......##.#.##.#...#
#......###......###.#....###.#
##......#......## ..#..### #.#
###...........## .##..# #.# #
##.........## . #.## #.#### ##
##.......## #.# #.#...


There were no monsters in sight!

Vanquished Creatures
  A bat (D:1)
  A giant cockroach (D:1)
  3 hobgoblins (D:1)
  5 kobolds (D:1)
  A rat (D:1)
11 creatures vanquished.

Notes
Turn   | Place    | Note
-------+----------+-------------------------------------------
     0 | D:1      | Alarkh the Demonspawn Hexslinger began the quest for the
                  | Orb.
     0 | D:1      | Reached XP level 1. HP: 15/15 MP: 2/2
   241 | D:1      | Gained mutation: You may rarely emit foul miasma when
                  | damaged in melee. [demonic ancestry]
   241 | D:1      | Reached XP level 2. HP: 21/21 MP: 3/3
   355 | D:$      | Got out of the dungeon alive.

Illustrated notes

Levels and vault maps discovered:
D:1:      dpeg_arrival_central, layout_basic, minmay_tetromino_i4

Skill      XL: |  1 |
---------------+----+-----
Ranged Weapons | 2 |  2.4
Fighting       | |  1.4
Dodging        | |  1.7
Spellcasting   | |  1.0
Hexes          | |  3.0

Action                     || total
---------------------------++-------
   Fire: Sling             ||    38
 Armour: Robe              ||     2
  Dodge: Dodged            ||    13
